 Dungeon Crawl Stone Soup version 0.26.1 (webtiles) character file.

Game seed: 9226006409691691629

503 pbellow the Cleaver (level 7, 0/63 HPs)
             Began as a Hill Orc Fighter on Feb 5, 2021.
             Was a Follower of Beogh.
             Killed by divine providence
             ... invoked by an orc priest
              (12 damage)
             ... on level 4 of the Dungeon.
             The game lasted 00:11:51 (3868 turns).

pbellow the Cleaver (Hill Orc Fighter)              Turns: 3868, Time: 00:11:51

Health: 0/63       AC: 13    Str: 21    XL:     7   Next: 17%
Magic:  7/7        EV:  5    Int:  8    God:    Beogh [*.....]
Gold:   252        SH:  9    Dex: 10    Spells: 6/6 levels left

rFire    . . .     SeeInvis .   a - +1 war axe
rCold    . . .     Faith    .   c - +0 kite shield
rNeg     . . .     Spirit   .   f - +0 chain mail
rPois    .         Reflect  .   n - +1 helmet
rElec    .         Harm     .   k - +1 cloak
rCorr    .         Rampage  .   (no gloves)
Will     .....                  (no boots)
Stlth    ..........             (no amulet)
HPRegen  0.20/turn              (no ring)
MPRegen  0.10/turn              (no ring)

@: no status effects
A: no striking features
a: Renounce Religion


You were on level 4 of the Dungeon.
You worshipped Beogh.
Beogh was aware of your devotion.
You visited 1 branch of the dungeon, and saw 4 of its levels.

You collected 252 gold pieces.

Inventory:

Hand Weapons
 a - a +1 war axe (weapon)
Armour
 b - a +0 scale mail
 c - a +0 kite shield (worn)
 f - a +0 chain mail (worn)
 k - a +1 cloak (worn)
 n - a +1 helmet (worn)
Jewellery
 m - an uncursed ring of magical power
 o - an uncursed ring of wizardry
Scrolls
 e - 4 scrolls of identify
 j - 2 scrolls of teleportation
 q - 2 scrolls of immolation
Potions
 d - a potion of might
 g - a potion of degeneration {unknown}
 h - a potion of lignification
 r - a potion of ambrosia {unknown}


   Skills:
 + Level 6.2 Fighting
 * Level 8.3 Axes
 - Level 3.2 Armour
 - Level 3.2 Shields


You had 6 spell levels left.
You didn't know any spells.
Your spell library contained the following spells:

 Spells                   Type           Power        Failure   Level
 Magic Dart               Conj           0%           100%        1


Dungeon Overview and Level Annotations

Branches:
Dungeon (4/15)
 Temple: D:4-7

Altars:
Ashenzari
Dithmenos
Elyvilon
Kikubaaqudgha
Nemelex Xobeh
Okawaru
Qazlal
Sif Muna
Vehumet
Yredelemnul


Message History

A puff of flame appears from out of thin air!
The puff of flame hits you!
You miss something. Something hits you but does no damage.
The orc priest mumbles some strange prayers to Beogh against you.
Something writhes in agony!
Reactivating autopickup.
You feel a bit more experienced.
You slash the orc!
You kill the orc!
Beogh accepts your kill.
The orc priest invokes the aid of Beogh against you.
Beogh smites you!
* * * LOW HITPOINT WARNING * * *
The orc wizard hits you but does no damage.
The orc wizard gestures at you while chanting.
You resist with some effort.
The orc priest mumbles some strange prayers to Beogh against you.
Beogh smites you!
You die...
Beogh appreciates the orc priest's killing of a heretic priest.

#.##...# .# #.#.
##### #.##...# #.#
#.#. #...#
#.##...###.# #.#.
#...####.##...##<.#
#.#.
#...#.........##..#
###+#.
+...'.............#
#.....
#...#.#####..###..#
#.....
.####...#.#####..#
#..###.....
.........oo.o@...#
#..........
######.##.######.#
#..#....... #. #.#
#..###..... #. ...
#..# #..... #+##+##
#.##.......
#.##.......
#.##.......
#.######### #.#


You could see 2 orc priests and an orc wizard (fast).

Vanquished Creatures
  Sigmund (D:4)
  3 scorpions
  A worker ant (D:4)
  A hound skeleton (D:4)
  Robin (D:2)
  5 adders
  An ooze (D:1)
  3 worms
  A dart slug (D:1)
  A leopard gecko (D:1)
  3 orcs
  6 bats
  A giant cockroach (D:3)
  14 goblins
  12 hobgoblins
  3 jackals (D:4)
  3 ball pythons
  4 frilled lizards
  7 kobolds
  12 rats
83 creatures vanquished.

Vanquished Creatures (others)
  An orc wizard (D:4)
  A leopard gecko (D:3)
  A frilled lizard (D:3)
  3 plants (D:1)
6 creatures vanquished.

Grand Total: 89 creatures vanquished

Notes
Turn   | Place    | Note
-------+----------+-------------------------------------------
     0 | D:1      | pbellow the Hill Orc Fighter began the quest for the Orb.
     0 | D:1      | Reached XP level 1. HP: 19/19 MP: 1/1
   156 | D:1      | Reached skill level 3 in Axes
   252 | D:1      | Reached XP level 2. HP: 26/27 MP: 2/2
   355 | D:1      | Reached skill level 4 in Axes
   400 | D:1      | Reached XP level 3. HP: 22/33 MP: 3/3
  1758 | D:2      | Noticed Robin
  1761 | D:2      | Reached XP level 4. HP: 41/41 MP: 4/4
  1791 | D:2      | Killed Robin
  1792 | D:2      | Reached skill level 5 in Axes
  2094 | D:2      | Found a stormy altar of Qazlal.
  2175 | D:2      | Found a basalt altar of Yredelemnul.
  2404 | D:3      | Became a worshipper of Beogh the Brigand
  2456 | D:3      | Reached skill level 5 in Fighting
  2456 | D:3      | Reached skill level 6 in Axes
  2456 | D:3      | Reached XP level 5. HP: 36/48 MP: 5/5
  2787 | D:3      | Found an iron altar of Okawaru.
  3079 | D:3      | Found a radiant altar of Vehumet.
  3081 | D:3      | Identified Vehumet's Disquisition on Combat Magic
  3084 | D:3      | Found an ancient bone altar of Kikubaaqudgha.
  3085 | D:3      | Found a shimmering blue altar of Sif Muna.
  3292 | D:4      | Reached XP level 6. HP: 53/56 MP: 6/6
  3304 | D:4      | Found a shadowy altar of Dithmenos.
  3304 | D:4      | Found a white marble altar of Elyvilon.
  3304 | D:4      | Found a sparkling altar of Nemelex Xobeh.
  3342 | D:4      | Reached skill level 7 in Axes
  3456 | D:4      | Found a broken altar of Ashenzari.
  3707 | D:4      | Noticed Sigmund
  3718 | D:4      | Reached * piety under Beogh
  3733 | D:4      | Killed Sigmund
  3734 | D:4      | Reached skill level 8 in Axes
  3734 | D:4      | Reached XP level 7. HP: 58/63 MP: 7/7
  3868 | D:4      | Killed from afar by an orc priest

Illustrated notes

Levels and vault maps discovered:
D:1:      psy_arrival_conway, layout_basic
D:2:      layout_basic, overflow_temple_1_default, grunt_qazlal_clouds,
          uniq_robin
D:3:      layout_basic, grunt_temple_overflow_magic_moments, st_stairs_4,
          okawaru_metal_pillars_1_2
D:4:      layout_basic, grunt_temple_overflow_open, evilmike_ruin_ashenzari,
          uniq_sigmund

Skill      XL: |  1  2  3  4  5  6 |
---------------+-------------------+-----
Axes           | 3 4 6 8 |  8.3
Fighting       | 4 5 6 |  6.2
Armour         | |  3.2
Shields        | |  3.2

Action                   |  1- 3 |  4- 6 |  7- 9 || total
-------------------------+-------+-------+-------++-------
Melee: War axe           |   112 |   154 |     6 ||   272
Invok: Convert to Beogh  |       |     1 |       ||     1
  Use: Potion            |       |     3 |       ||     3
       Scroll            |       |     8 |       ||     8
Armor: Scale mail        |    20 |       |       ||    20
       Chain mail        |    49 |    94 |     4 ||   147
Dodge: Dodged            |    30 |    28 |     1 ||    59
Block: Kite shield       |    41 |    80 |     1 ||   122
